 Dungeon Crawl Stone Soup version 0.28-a0-241-gfbb0926a3a (webtiles) character file.

Game seed: 17277518911869314045

13904 petercordia6 the Thaumaturge (level 12, -11/85 HPs)
             Began as a Djinni Necromancer on Aug 23, 2021.
             Was a High Priest of Cheibriados.
             Killed from afar by an ice dragon (56 damage)
             ... with a blast of cold
             ... on level 12 of the Dungeon on Aug 24, 2021.
             The game lasted 00:43:00 (16675 turns).

petercordia6 the Thaumaturge (Djinni Necromancer)  Turns: 16675, Time: 00:43:00

Health: -11/85     AC: 12    Str: 22    XL:     12   Next: 38%
Gold:   1850       EV: 16    Int: 35    God:    Cheibriados [*****.] SH:  0 Dex: 28

rFire   + + .      SeeInvis .   b - staff of death
rCold   . . .      Faith    .   (no shield)
rNeg    + . .      Spirit   .   j - +1 scale mail of the banana {rC+}
rPois   ∞          Reflect  .   (no helmet)
rElec   .          Harm     .   v - +2 cloak
rCorr   .          Rampage  .   h - +0 pair of fencer's gloves {Riposte Dex+3}
Will    +....                   (boots unavailable)
Stlth   +.........              (no amulet)
HPRegen 0.24/turn               t - +6 ring of intelligence
MPRegen 0.00/turn               u - ring "Dituemab" {+Blink rPois MP+9}

@: flying, very slow
A: sickness immunity, fire resistance 2, cold vulnerability 1, float, innate
caster, hp casting, extra vitality 1
a: Renounce Religion, Evoke Blink, Bend Time, Temporal Distortion, Slouch, Step
From Time


You were on level 12 of the Dungeon.
You worshipped Cheibriados.
Cheibriados was extremely pleased with you.
You visited 1 branch of the dungeon, and saw 12 of its levels.

You collected 2543 gold pieces.
You spent 693 gold pieces at shops.

Inventory:

Hand Weapons
 a - a +2 long sword of electrocution
 w - a +0 hunting sling
 M - a +0 longbow
 T - a +4 vorpal scimitar
Missiles
 c - 279 stones
 f - 299 arrows
 l - 83 poisoned darts
 x - 22 boomerangs
 D - 8 curare-tipped darts
 F - 26 sling bullets
 J - 66 bolts
 N - 2 throwing nets
 Q - 9 javelins
Armour
 h - the +0 pair of fencer's gloves (worn) {Riposte Dex+3}
   (You bought it in a shop on level 2 of the Dungeon)

   It allows the wearer to riposte with any weapon, or to riposte more often
   with a long blade, swiftly retaliating against a missed attack.
   Dex:       It affects your dexterity (+3).
 j - the +1 scale mail of the banana (worn) {rC+}
   (You bought it in a shop on level 2 of the Dungeon)

   rC:        It protects you from cold.
 v - a +2 cloak (worn)
Magical Staves
 b - a staff of death (weapon)
 g - a staff of conjuration
Jewellery
 t - a +6 ring of intelligence (left hand)
 u - the ring "Dituemab" (right hand) {+Blink rPois MP+9}
   (You found it on level 4 of the Dungeon)

   [ring of poison resistance]

   rPois:     It protects you from poison.
   MP:        It affects your magic capacity (+9).
   +Blink:    It lets you blink.
 B - a +6 ring of dexterity
 E - a ring of willpower
Wands
 G - a wand of flame (33)
 H - a wand of digging (8)
 L - a wand of mindburst (14)
 P - a wand of acid (14)
 R - a wand of iceblast (6)
 V - a wand of polymorph (17)
Scrolls
 d - 3 scrolls of noise
 e - 3 scrolls of teleportation
 k - a scroll of silence
 n - 2 scrolls of immolation {unknown}
 o - 2 scrolls of brand weapon
 y - 2 scrolls of enchant weapon
 A - a scroll of fear
 C - a scroll of fog {unknown}
 I - a scroll of vulnerability {unknown}
 O - 3 scrolls of enchant armour {unknown}
Potions
 i - 3 potions of attraction
 m - 2 potions of flight {unknown}
 p - 3 potions of heal wounds
 q - 3 potions of curing
 r - a potion of magic {unknown}
 s - 2 potions of mutation {unknown}
 z - 3 potions of brilliance {unknown}
 K - a potion of berserk rage {unknown}
 U - a potion of ambrosia {unknown}


   Skills:
 * Level 7.5 Fighting
 * Level 7.5 Long Blades
 + Level 5.3 Armour
 * Level 7.3 Dodging
 - Level 1.5 Stealth
 + Level 9.6 Spellcasting
 * Level 6.3 Invocations


You had 3 spell levels left.
You knew the following spells:

 Your Spells              Type           Power      Damage    Failure   Level
a - Animate Dead          Necr           45%        N/A       1%          4
b - Animate Skeleton      Necr           100%       N/A       1%          1
c - Blade Hands           Tmut           35%        N/A       3%          5
d - Vampiric Draining     Necr           45%        2d12      1%          3
e - Agony                 Necr           90%        N/A       3%          5
g - Gell's Gravitas       Tloc           35%        N/A       1%          3
p - Passwall              Tmut/Erth      59%        N/A       1%          2
q - Pain                  Necr           100%       1d9       1%          1
u - Apportation           Tloc           100%       N/A       1%          1
w - Wereblood             Tmut           71%        N/A       1%          2
Your spell library was empty.

Dungeon Overview and Level Annotations

Branches:
Dungeon (12/15)            Temple (0/1) D:7            Lair (0/6) D:9
    Orc (0/2) D:9

Altars:
Cheibriados
Kikubaaqudgha
Nemelex Xobeh
Sif Muna
Trog
Uskayaw
Yredelemnul
Zin
The Shining One

Shops:
D:2 [

Portals:
Ice
Cave: D:12

Annotations:
D:9 exclusion: ice statue


Innate Abilities, Weirdness & Mutations

You are immune to sickness and miasma.
You are immune to poison.
Your flesh is very heat resistant. (rF++)
You are vulnerable to cold. (rC-)
You float through the air rather than walking.
You learn spells naturally, not from books.
Your magical power is your life essence.
You have superior vitality. (+4 HP)


Message History

The blast of cold hits you!!
You hear a howl!
Unknown command.
Unknown command.
Casting: Agony (dangerous; 3% risk of failure)
Confirm with . or Enter, or press ? or * to list all spells.
Aiming: Vampiric Draining (safe; 1% risk of failure)
Press: ? - help, Shift-Dir - straight line, f/p - ice dragon
Aim: an ice dragon (heavily wounded, catching its breath)
You feel a surge of power!
You draw life force from the ice dragon!
You feel life coursing into your body. The wolf bites you but does no damage.
The ice dragon bites you. The ice dragon barely misses you.
The ice dragon tramples you but does no damage.
The wolf closely misses you.
Unknown command.
Casting: Vampiric Draining (safe; 1% risk of failure)
Confirm with . or Enter, or press ? or * to list all spells.
Aiming: Vampiric Draining (safe; 1% risk of failure)
Press: ? - help, Shift-Dir - straight line, f/p - ice dragon
Aim: an ice dragon (severely wounded, catching its breath)
You feel a surge of power!
You draw life force from the ice dragon!
You feel life coursing into your body. The wolf completely misses you.
The ice dragon closely misses you.
The ice dragon claws you but does no damage.
The ice dragon closely misses you. The wolf closely misses you.
Unknown command.
Casting: Vampiric Draining (safe; 1% risk of failure)
Confirm with . or Enter, or press ? or * to list all spells.
Aiming: Vampiric Draining (safe; 1% risk of failure)
Press: ? - help, Shift-Dir - straight line, f/p - ice dragon
Aim: an ice dragon (severely wounded)
You feel a surge of power!
You draw life force from the ice dragon!
You feel life coursing into your body. The ice dragon breathes frost at you.
The blast of cold hits you!!!
Ouch! That really hurt!
You die...

***#+####*** ***
#.†..# *, ####.# ****,
#.# *,,,, #########+##
*,,,, #..........#
***,,,, #......†####
*,,,**, #....hD#.#****
******,
#....@.##h.,,**** **,
#......#*..h.,*,****,,
#......#*,D∩h.Y,,,*,*,
#......#*,.....***,**,
###'####**,....* ****,
#.# **###.* *, #.###
** #...# *** ###.##
*,,


You could see an ice dragon (catching breath) and a wolf.

Vanquished Creatures
  A boulder beetle (D:12)
  Harold (D:7)
  The ghost of kuniqs the Conjurer, a novice DsCj of Jiyva (D:7)
  Pikel (D:6)
  An ugly thing (D:12)
  A manticore (D:11)
  A cyclops (D:11)
  2 centaur zombies
  A kobold demonologist (D:9)
  An unseen horror (D:11)
  A rime drake (D:12)
  4 trolls
  2 polar bears (D:12)
  2 wyverns
  2 yaks
  2 vampires (D:11)
  2 basilisks (D:9)
  A human (D:9)
  4 hogs (D:9)
  3 acid dragons
  6 water moccasins
  7 black bears
  5 orc warriors
  A swamp drake (D:9)
  3 sky beasts
  An ice beast (D:6)
  2 necrophages (D:5)
  A wolf (D:9)
  6 centaurs
  4 lemures
  4 kobold brigands
  A gnoll sergeant (D:10)
  2 wyvern zombies
  2 bullfrogs (D:9)
  A scorpion (D:9)
  A wyvern skeleton (D:7)
  9 killer bees
  10 wights
  3 howler monkeys
  A bullfrog zombie (D:7)
  5 jellies
  4 quasits (D:7)
  3 hounds
  5 orc priests
  A bullfrog skeleton (D:3)
  An iguana (D:5)
  7 orc wizards
  A hound skeleton (D:4)
  A howler monkey zombie (D:8)
  3 gnolls (D:10)
  5 adders
  A shadow imp (D:6)
  2 white imps
  A worm (D:2)
  3 dart slugs
  42 orcs
  5 bats
  5 endoplasms
  2 giant cockroaches
  4 goblins
  5 hobgoblins
  5 jackals
  A quokka (D:1)
  A ball python (D:2)
  3 frilled lizards
  9 kobolds
  6 rats
235 creatures vanquished.

Vanquished Creatures (others)
  A fungus (D:9)
  11 plants (D:9)
12 creatures vanquished.

Grand Total: 247 creatures vanquished

Notes
Turn   | Place    | Note
-------+----------+-------------------------------------------
     0 | D:1      | petercordia6 the Djinni Necromancer began the quest for the
                  | Orb.
     0 | D:1      | Reached XP level 1. HP: 15/15 MP: 0/0
    18 | D:1      | Found a faded altar of an unknown god.
    25 | D:1      | Became a worshipper of the Shining One
    25 | D:1      | Reached * piety under the Shining One
    31 | D:1      | Fell from the grace of the Shining One
   460 | D:1      | Reached XP level 2. HP: 16/21 MP: 0/0
  1452 | D:2      | Reached XP level 3. HP: 1/26 MP: 0/0
  1452 | D:2      | Learned a level 1 spell: Apportation
  2056 | D:2      | Reached skill level 1 in Fighting
  2175 | D:2      | Reached skill level 4 in Spellcasting
  2694 | D:2      | Found Baufetwu's Armour Emporium.
  2765 | D:2      | Reached XP level 4. HP: 27/32 MP: 0/0
  4055 | D:3      | Reached XP level 5. HP: 33/38 MP: 0/0
  4055 | D:3      | Learned a level 2 spell: Passwall
  4134 | D:3      | Found a glowing golden altar of the Shining One.
  4411 | D:4      | Noticed a kobold brigand
  4457 | D:4      | Killed a kobold brigand
  4612 | D:4      | Reached XP level 6. HP: 33/45 MP: 0/0
  4761 | D:4      | Noticed a black bear
  4765 | D:4      | Killed a black bear
  4766 | D:4      | Reached skill level 5 in Spellcasting
  4885 | D:4      | Reached XP level 7. HP: 25/50 MP: 0/0
  4885 | D:4      | Learned a level 2 spell: Wereblood
  5058 | D:4      | Identified the ring "Dituemab" {+Blink rPois MP+9}
  5620 | D:5      | Entered Level 5 of the Dungeon
  5782 | D:5      | Reached skill level 1 in Long Blades
  5907 | D:5      | Found a glowing silver altar of Zin.
  5972 | D:5      | Found a snail-covered altar of Cheibriados.
  5972 | D:5      | Found a basalt altar of Yredelemnul.
  5972 | D:5      | Found a hide-covered altar of Uskayaw.
  5973 | D:5      | Found a bloodstained altar of Trog.
  5980 | D:5      | Became a worshipper of Cheibriados the Contemplative
  6024 | D:5      | Reached skill level 6 in Spellcasting
  6037 | D:5      | Reached XP level 8. HP: 45/58 MP: 0/0
  6169 | D:5      | Reached skill level 1 in Invocations
  7486 | D:6      | Reached skill level 1 in Armour
  7486 | D:6      | Reached XP level 9. HP: 63/63 MP: 0/0
  7486 | D:6      | Learned a level 3 spell: Gell's Gravitas
  7503 | D:6      | Reached * piety under Cheibriados
  7793 | D:6      | Reached skill level 7 in Spellcasting
  8066 | D:7      | Reached skill level 5 in Fighting
  8271 | D:7      | Noticed Pikel
  8505 | D:7      | Noticed Harold
  8514 | D:7      | Killed Harold
  8711 | D:6      | Killed Pikel
  8712 | D:6      | Reached skill level 5 in Long Blades
  8712 | D:6      | Reached XP level 10. HP: 69/70 MP: 0/0
  8848 | D:7      | Found a staircase to the Ecumenical Temple.
  9236 | D:7      | Found a transporter.
  9241 | D:7      | Noticed kuniqs's ghost (novice DsCj)
  9256 | D:7      | Found a transporter.
  9593 | D:7      | Reached ** piety under Cheibriados
  9594 | D:7      | Reached skill level 5 in Dodging
  9815 | D:7      | Upgraded the game from 0.28-a0-239-g68911e0c57 to
                  | 0.28-a0-241-gfbb0926a3a
 11105 | D:9      | Found a staircase to the Lair.
 11313 | D:9      | Reached *** piety under Cheibriados
 11450 | D:9      | Reached skill level 8 in Spellcasting
 11450 | D:9      | Reached XP level 11. HP: 68/76 MP: 0/0
 11450 | D:9      | Learned a level 5 spell: Blade Hands
 11930 | D:9      | Reached skill level 5 in Invocations
 12261 | D:9      | Reached **** piety under Cheibriados
 12262 | D:9      | Identified the ring "Giant" {Fire rPois MP+9 Int+3}
 12450 | D:9      | Identified the +0 animal skin of Acwitem {Str+4}
 12453 | D:9      | Found a staircase to the Orcish Mines.
 12797 | D:9      | Identified a scroll of acquirement
 12809 | D:9      | Acquired 1180 gold pieces
 12981 | D:2      | Bought the +0 pair of fencer's gloves {Riposte Dex+3} for
                  | 440 gold pieces
 12981 | D:2      | Found the +0 pair of fencer's gloves {Riposte Dex+3}
 12981 | D:2      | Bought the +1 scale mail of the banana {rC+} for 253 gold
                  | pieces
 13517 | D:10     | Entered Level 10 of the Dungeon
 13823 | D:10     | Found a sparkling altar of Nemelex Xobeh.
 13912 | D:10     | Acquired 702 gold pieces
 13958 | D:10     | Found a hide-covered altar of Uskayaw.
 14724 | D:10     | Found a basalt altar of Yredelemnul.
 14894 | D:7      | Killed kuniqs's ghost
 14900 | D:7      | Identified the +0 tower shield "Histikk" {rElec}
 15122 | D:11     | Reached skill level 9 in Spellcasting
 15704 | D:11     | Noticed a manticore
 15710 | D:11     | Killed a manticore
 15904 | D:11     | Reached XP level 12. HP: 73/85 MP: 0/0
 16391 | D:11     | Reached skill level 5 in Armour
 16499 | D:12     | Reached ***** piety under Cheibriados
 16518 | D:12     | Noticed a boulder beetle
 16526 | D:12     | Killed a boulder beetle
 16655 | D:12     | Found a frozen archway.
 16655 | D:12     | Noticed an ice dragon
 16675 | D:12     | Killed from afar by an ice dragon

Illustrated notes

Levels and vault maps discovered:
D:1:      dpeg_arrival_pits, layout_basic, basic_ecumenical_altar
D:2:      layout_basic, serial_shops, nicolae_shop_stone
D:3:      layout_basic, nicolae_tso_swordbearing_angel
D:4:      layout_cave_pools, kiku_gazebo_garden_becter
D:5:      layout_loops_ring, minitemple, kennysheep_cross_room
D:6:      layout_gridville, chequers_serial_rivers_micro_d
D:7:      layout_cave_pools, minmay_temple_entry_slanted,
          gammafunk_ghost_stat_death, uniq_harold, uniq_pikel
D:8:      layout_cave_pools
D:9:      layout_long_grid, minmay_lair_entry_grove, erik_orc_1, minivault_15,
          grunt_livestock
D:10:     layout_basic, nemelex_xobeh_ov_fountains_minmay,
          grunt_decor_mini_mirrors, hangedman_feature_mirror, st_stairs_14,
          hex_tiny
D:11:     layout_irregular_city
D:12:     layout_roguey, portal_ice_cave_entry_animals_and_master,
          nrook_guardian_serpent_ordinary

Skill      XL: |  1  2  3  4  5  6  7  8  9 10 11 12 |
---------------+-------------------------------------+-----
Fighting       | 1 2 3 4 5 6 7 |  7.5
Spellcasting   | 4 5 6 7 8 9 |  9.6
Long Blades    | 1 2 5 6 7 |  7.5
Invocations    | 2 3 4 5 6 |  6.3
Dodging        | 3 4 5 6 7 |  7.3
Armour         | 1 2 3 4 5 |  5.3
Stealth        | |  1.5

Action                   |  1- 3 |  4- 6 |  7- 9 | 10-12 || total
-------------------------+-------+-------+-------+-------++-------
Melee: Falchion          |       |     4 |    25 |       ||    29
       Whip              |       |       |    18 |       ||    18
       Scimitar          |       |       |    55 |    55 ||   110
       Staff             |       |       |     1 |     1 ||     2
       Long sword        |       |       |       |    51 ||    51
 Fire: Hunting sling     |       |     3 |       |       ||     3
Throw: Boomerang         |       |       |       |     7 ||     7
       Stone             |       |       |       |     1 ||     1
 Cast: Pain              |    67 |    60 |    48 |    16 ||   191
       Vampiric Draining |     2 |    10 |    58 |   193 ||   263
       Gell's Gravitas   |       |       |       |    36 ||    36
       Wereblood         |       |       |       |     3 ||     3
       Agony             |       |       |       |     3 ||     3
Invok: Renounce Religion |     1 |       |       |       ||     1
       Bend Time         |       |       |     2 |       ||     2
       Temporal Distorti |       |       |       |     1 ||     1
 Abil: Evoke Blink       |       |       |       |     1 ||     1
Evoke: Wand              |       |       |       |     1 ||     1
  Use: Potion            |       |       |     3 |     1 ||     4
       Scroll            |       |       |       |    13 ||    13
 Stab: Sleeping          |       |       |     1 |       ||     1
Armor: Robe              |     1 |     1 |     2 |       ||     4
       Ring mail         |       |       |    45 |   105 ||   150
       Scale mail        |       |       |       |    95 ||    95
Dodge: Dodged            |     4 |    10 |    97 |   307 ||   418
       Rpst.: Falchion   |       |     2 |     4 |       ||     6
       Scimitar          |       |       |    25 |    21 ||    46
       Long sword        |       |       |       |    20 ||    20
       Staff             |       |       |       |     6 ||     6

Table legend: (Time is in decaauts)
 A = Elapsed time spent in this place.
 B = Non-inter-level travel time spent in this place.
 C = Inter-level travel time spent in this place.
 D = Time resting spent in this place.
 E = Time spent auto-exploring this place.
 F = Levels seen in this place.
 G = Mean time per level.
                   A        B        C        D        E       F      G
               +--------+--------+--------+--------+--------+-----+--------+
         Total |  19537 |  17566 |   1971 |   2112 |  13496 |  12 | 1628.1 |
       Dungeon |  19537 |  17566 |   1971 |   2112 |  13496 |  12 | 1628.1 |
               +--------+--------+--------+--------+--------+-----+--------+

Top non-repeatable levels by time:
     D:9: 3152 daAuts
     D:7: 2068 daAuts
     D:6: 2022 daAuts
     D:2: 1881 daAuts
    D:11: 1863 daAuts
     D:5: 1534 daAuts
    D:10: 1517 daAuts
     D:1: 1389 daAuts
     D:3: 1331 daAuts
     D:8: 1306 daAuts
     D:4: 1243 daAuts
    D:12: 225 daAuts
